 Dungeon Crawl Stone Soup version 0.29-a0-41-g89e12c0570 (webtiles) character file.

Game seed: 5731912675868227513

604942 Nattfarinn the Convoker (level 26, 0/242 HPs)
             Began as a Deep Dwarf Necromancer on Jan 31, 2022.
             Was the Champion of Makhleb.
             Slain by an Orb Guardian (24 damage)
             ... on level 5 of the Realm of Zot on Feb 2, 2022.
             The game lasted 06:20:30 (119968 turns).

Nattfarinn the Convoker (Deep Dwarf Necromancer)  Turns: 119968, Time: 06:20:32

Health: 0/242      AC: 32    Str: 21 (23) XL:     26   Next: 59%
Magic:  29/29      EV: 13    Int: 23 (26) God:    Makhleb [******]
Gold:   3854       SH: 19    Dex: 18 (21) Spells: 7/46 levels left

rFire   + + .      SeeInvis .   u - +10 zealot's sword {holy, *Rage rN+ EV+3}
rCold   + . .      Faith    .   v - +5 kite shield
rNeg    + + .      Spirit   .   h - +8 plate armour "Xobitt" {Fly Will- Str+7 Int-4}
rPois   +          Reflect  .   k - +1 hat "Fiklee" {Rampage rF+ Str+2 Dex+3}
rElec   +          Harm     .   W - +1 cloak of Starlight {*Dazzle EV+4 Stlth--}
rCorr   .          Rampage  +   M - +2 pair of gloves
Will    +++..      Rage     20% Q - +2 pair of boots
Stlth   .......... Rnd*Tele +   X - amulet of Neimny {Acrobat rF+ rC+ Int+4}
HPRegen 0.00/turn               L - ring of False Pretenses {rPois Will+ Int-2 Dex+5}
MPRegen 0.21/turn               G - ring of Negaesiu {Contam rElec rPois Int+4}

@: vertiginous, flying, hasted, studying Poison Magic, very quick
A: damage resistance, heal wounds, negative energy resistance 1, sense
surroundings 3, no regeneration, hooves 1, deformed body, deterioration 1, dopey
1, passive freeze, screaming 2, teleportitis 1, no potion heal 1
}: 3/15 runes: decaying, slimy, gossamer
a: Heal Wounds, Renounce Religion, Minor Destruction, Lesser Servant of Makhleb,
Major Destruction, Greater Servant of Makhleb


You were on level 5 of the Realm of Zot.
You worshipped Makhleb.
Makhleb was exalted by your worship.
You visited 11 branches of the dungeon, and saw 52 of its levels.
You visited the Abyss 1 time.
You visited 2 bazaars.
You also visited: Trove, Gauntlet and Wizlab.

You collected 8362 gold pieces.
You spent 4508 gold pieces at shops.

Inventory:

Hand Weapons
 c - the +8 triple sword "Zuoresti" {flame, +Blink Str+3}
   (You found it in a treasure trove)

   It burns those it strikes, dealing additional fire damage.
   Big, fiery blades are also staple armaments of hydra-hunters.
   Str:       It affects your strength (+3).
   +Blink:    It lets you blink.
 l - the +12 demon blade "Zuquo" {venom, rPois}
   (You found it in a treasure trove)

   It poisons the flesh of those it strikes.
   rPois:     It protects you from poison.
 u - the +10 zealot's sword (weapon) {holy, *Rage rN+ EV+3}
   (You found it on level 6 of the Lair of Beasts)

   It has been blessed by the Shining One to cause great damage to the undead
   and demons.
   Whenever the wielder enters a berserk rage, their allies are berserked
   alongside them.
   EV:        It affects your evasion (+3).
   rN:        It protects you from negative energy.
   *Rage:     It berserks you when you make melee attacks (+20% chance).
Armour
 h - the +8 plate armour "Xobitt" (worn) {Fly Will- Str+7 Int-4}
   (You found it on level 13 of the Dungeon)

   Str:       It affects your strength (+7).
   Int:       It affects your intelligence (-4).
   Fly:       It grants you flight.
   Will:      It decreases your willpower.
 k - the +1 hat "Fiklee" (worn) {Rampage rF+ Str+2 Dex+3}
   (You found it in a Gauntlet)

   Str:       It affects your strength (+2).
   Dex:       It affects your dexterity (+3).
   rF:        It protects you from fire.
   Rampage:   It bestows one free step when moving towards enemies.
 r - the +0 mask of the Dragon {Will+ Slay+3 SInv}
   (You found it on level 4 of the Realm of Zot)

   Slay:      It affects your accuracy & damage with ranged weapons and melee
   (+3).
   SInv:      It lets you see invisible.
   Will:      It increases your willpower.
 t - the +18 shield of the Gong {rElec rN+ Will+ EV-5}
   (You acquired it in a wizard's laboratory)

   It is deafeningly noisy when blocking attacks.
   EV:        It affects your evasion (-5).
   rElec:     It insulates you from electricity.
   rN:        It protects you from negative energy.
   Will:      It increases your willpower.
 v - a +5 kite shield (worn)
 M - a +2 pair of gloves (worn)
 Q - a +2 pair of boots (worn)
 W - the +1 cloak of Starlight (worn) {*Dazzle EV+4 Stlth--}
   (You found it on level 3 of the Swamp)

   It may blind those who miss an attack against the wearer in melee combat.
   EV:        It affects your evasion (+4).
   Stlth:     It makes you much less stealthy.
Jewellery
 s - the ring "Bawk" {rC+ Int-2 Dex+9}
   (You bought it in a shop on level 1 of the Depths)

   [ring of protection from cold]

   Int:       It affects your intelligence (-2).
   Dex:       It affects your dexterity (+9).
   rC:        It protects you from cold.
 G - the ring of Negaesiu (right hand) {Contam rElec rPois Int+4}
   (You took it off a boggart on level 2 of the Vaults)

   [ring of poison resistance]

   Int:       It affects your intelligence (+4).
   rElec:     It insulates you from electricity.
   rPois:     It protects you from poison.
   Contam:    It causes magical contamination when unequipped.
 J - the amulet "Erghin" {rF+ Will+ Regen+ Stlth+}
   (You found it on level 4 of the Lair of Beasts)

   [amulet of regeneration]

   rF:        It protects you from fire.
   Regen:     It increases your rate of health regeneration.
   Will:      It increases your willpower.
   Stlth:     It makes you more stealthy.
 L - the ring of False Pretenses (left hand) {rPois Will+ Int-2 Dex+5}
   (You took it off a minotaur in a Gauntlet)

   [ring of willpower]

   Int:       It affects your intelligence (-2).
   Dex:       It affects your dexterity (+5).
   rPois:     It protects you from poison.
   Will:      It increases your willpower.
 X - the amulet of Neimny (around neck) {Acrobat rF+ rC+ Int+4}
   (You took it off a rakshasa on level 1 of the Depths)

   [amulet of the acrobat]

   It increases your evasion while moving and waiting.
   Int:       It affects your intelligence (+4).
   rF:        It protects you from fire.
   rC:        It protects you from cold.
Wands
 e - a wand of mindburst (7)
 n - a wand of flame (149)
 p - a wand of paralysis (40)
 y - a wand of digging (26)
 z - a wand of charming (6)
 K - a wand of iceblast (31)
 P - a wand of polymorph (39)
Scrolls
 a - a scroll of torment
 i - 7 scrolls of immolation
 o - 2 scrolls of silence
 q - 15 scrolls of fog
 D - 4 scrolls of summoning
 E - 5 scrolls of fear
 R - 7 scrolls of vulnerability
 T - 30 scrolls of teleportation
 U - 5 scrolls of holy word
 V - a scroll of blinking
 Z - 3 scrolls of magic mapping
Potions
 b - 6 potions of ambrosia
 d - 11 potions of curing
 f - 5 potions of resistance
 g - 4 potions of mutation
 j - 10 potions of brilliance
 m - 13 potions of attraction
 w - 15 potions of haste
 x - 9 potions of might
 A - 2 potions of magic
 F - 9 potions of lignification
 N - 7 potions of heal wounds
 O - 5 potions of berserk rage
 S - 4 potions of invisibility
 Y - 4 potions of cancellation
Miscellaneous
 B - a box of beasts
 C - a phantom mirror
 H - a condenser vane (inert)
 I - a phial of floods (inert)


   Skills:
 - Level 15.4 Fighting
 - Level 15.7 Long Blades
 - Level 17.1 Armour
 - Level 10.6 Dodging
 - Level 2.4 Stealth
 - Level 14.9 Shields
 - Level 10.7 Spellcasting
 + Level 19.4 Summonings
 - Level 18.5 Necromancy
 - Level 16.5 Transmutations
 - Level 18.0 Earth Magic
 - Level 11.4 Invocations
 - Level 8.0 Evocations


You had 7 spell levels left.
You knew the following spells:

 Your Spells              Type           Power      Damage    Failure   Level
a - Pain                  Necr           100%       1d9       1%          1
b - Vampiric Draining     Necr           78%        2d11      1%          3
c - Animate Armour        Summ/Erth      100%       N/A       1%          4
d - Stone Arrow           Conj/Erth      100%       3d13      13%         3
e - Agony                 Necr           78%        N/A       3%          5
f - Borgnjor's Vile Clut  Necr/Erth      38%        N/A       4%          5
g - Lee's Rapid Deconstr  Erth           38%        3d20*     4%          5
h - Statue Form           Tmut/Erth      50%        N/A       21%         6
i - Haunt                 Necr/Summ      39%        N/A       43%         7

Your spell library contained the following spells:

 Spells                   Type           Power      Damage    Failure   Level
 Animate Skeleton         Necr           100%       N/A       1%          1
 Sandblast                Erth           100%       2d20      1%          1
 Summon Small Mammal      Summ           100%       N/A       1%          1
 Call Imp                 Summ           80%        N/A       1%          2
 Passwall                 Tmut/Erth      62%        N/A       1%          2
 Sublimation of Blood     Necr           78%        N/A       1%          2
 Call Canine Familiar     Summ           80%        N/A       1%          3
 Animate Dead             Necr           39%        N/A       1%          4
 Petrify                  Tmut/Erth      75%        N/A       2%          4
 Excruciating Wounds      Necr           39%        N/A       3%          5
 Corpse Rot               Necr/Air       100%       N/A       7%          2
 Blade Hands              Tmut           36%        N/A       7%          5
 Summon Cactus Giant      Summ           40%        N/A       10%         6
 Summon Guardian Golem    Hex/Summ       54%        N/A       11%         3
 Summon Ice Beast         Ice/Summ       54%        N/A       28%         4
 Anguish                  Hex/Necr       26%        N/A       32%         4
 Leda's Liquefaction      Hex/Erth       26%        N/A       34%         4
 Summon Hydra             Summ           40%        N/A       38%         7
 Ignite Poison            Fire/Tmut/Pois 37%        N/A       41%         3
 Ice Form                 Ice/Tmut       50%        N/A       41%         4
 Summon Forest            Summ/Tloc      27%        N/A       54%         5
 Summon Mana Viper        Hex/Summ       54%        N/A       54%         5
 Alistair's Intoxication  Tmut/Pois      33%        N/A       73%         5
 Irradiate                Conj/Tmut      25%        3d21      73%         5
 Yara's Violent Unravell  Hex/Tmut       25%        3d11      73%         5
 Dragon Form              Tmut           36%        N/A       75%         7
 Foxfire                  Conj/Fire      48%        2x1d6     77%         1
 Freeze                   Ice            48%        1d7       77%         1
 Magic Dart               Conj           48%        1d5       77%         1
 Shock                    Conj/Air       48%        1d6       77%         1
 Poisonous Vapours        Pois/Air       24%        N/A       87%         2
 Searing Ray              Conj           24%        2d5       87%         2
 Static Discharge         Conj/Air       12%        N/A       87%         2
 Conjure Flame            Conj/Fire      12%        6-21      98%         3
 Dazzling Flash           Conj/Hex       24%        N/A       98%         3
 Frozen Ramparts          Ice            24%        1d4       98%         3
 Gell's Gravitas          Tloc           12%        N/A       98%         3
 Inner Flame              Hex/Fire       12%        N/A       98%         3
 Lesser Beckoning         Tloc           12%        N/A       98%         3
 Mephitic Cloud           Conj/Pois/Air  12%        N/A       98%         3
 Ozocubu's Armour         Ice            12%        N/A       98%         3
 Portal Projectile        Hex/Tloc       24%        N/A       98%         3
 Swiftness                Air            12%        N/A       98%         3
 Teleport Other           Tloc           12%        N/A       98%         3
 Tukima's Dance           Hex            12%        N/A       98%         3
 Simulacrum               Ice/Necr       26%        N/A       98%         6
 Eringya's Noxious Bog    Tmut/Pois      25%        N/A       99%         6
 Iron Shot                Conj/Erth      26%        9d6       99%         6
 Airstrike                Air            6%         N/A       100%        4
 Cause Fear               Hex            6%         N/A       100%        4
 Flame Wave               Conj/Fire      12%        2d6       100%        4
 Fulminant Prism          Conj/Hex       6%         3d7       100%        4
 Hailstorm                Conj/Ice       12%        3d5       100%        4
 Iskenderun's Mystic Bla  Conj/Tloc      12%        2d5       100%        4
 Passage of Golubria      Tloc           12%        N/A       100%        4
 Sticky Flame             Conj/Fire      12%        2d4       100%        4
 Lightning Bolt           Conj/Air       6%         1d18      100%        5
 Manifold Assault         Tloc           12%        N/A       100%        5
 Metabolic Englaciation   Hex/Ice        6%         N/A       100%        5
 Silence                  Hex/Air        6%         N/A       100%        5
 Dispersal                Tloc           6%         N/A       100%        6
 Starburst                Conj/Fire      6%         6d4       100%        6
 Enfeeble                 Hex            6%         N/A       100%        7
 Malign Gateway           Summ/Tloc      27%        N/A       100%        7
 Orb of Destruction       Conj           6%         9d6       100%        7
 Ozocubu's Refrigeration  Ice            6%         4d6       100%        7
 Spellforged Servitor     Conj/Summ      27%        N/A       100%        7
 Storm Form               Tmut/Air       25%        N/A       100%        7
 Summon Horrible Things   Summ           40%        N/A       95%         8
 Infestation              Necr           39%        N/A       98%         8
 Disjunction              Tloc           6%         N/A       100%        8
 Maxwell's Capacitive Co  Air            6%         ∞         100%        8
 Dragon's Call            Summ           40%        N/A       100%        9


Dungeon Overview and Level Annotations

Branches:
Dungeon (15/15)            Temple (1/1) D:7            Lair (6/6) D:8
  Swamp (4/4) Lair:3       Spider (4/4) Lair:3        Slime (5/5) Lair:5
    Orc (2/2) D:11            Elf (2/3) Orc:2        Vaults (4/5) D:13
  Crypt (0/3) Vaults:3     Depths (4/4) D:15            Zot (5/5) Depths:4
 WizLab (visited)         Gauntlet (visited)

Altars:
Ashenzari
Cheibriados
Dithmenos
Elyvilon
Fedhas
Gozag
Hepliaklqana
Kikubaaqudgha
Makhleb
Nemelex Xobeh
Okawaru
Qazlal
Ru
Sif Muna
Trog
Uskayaw
Vehumet
Wu Jian
Xom
Yredelemnul
Zin
The Shining One
Beogh
Jiyva

Shops:
Orc:2 :([*   Elf:1 =   Vaults:2 *   Depths:1 ==

Portals:
Hell: Depths:1 Depths:2 Depths:3 Depths:4
Abyss: Depths:3
Pandemonium: Depths:2 Depths:4
Ziggurat: Depths:4

Annotations:
Elf:2 1 runed translucent door
Zot:1 3 runed translucent doors, Biehaig's ghost, legendary MiFi
Zot:3 2 runed translucent doors, Iwyxus's ghost, master BaIE
Zot:5 1 exclusion


Innate Abilities, Weirdness & Mutations

You are resistant to damage.
You can heal yourself by infusing magical energy.
You resist negative energy. (rN+)
You passively map a large area around you.
You do not regenerate.
You have large cloven feet.
Armour fits poorly on your strangely shaped body.
Your body sometimes deteriorates upon taking damage.
You are dopey. (Int -2)
A frigid envelope surrounds you and freezes all who hurt you.
You frequently scream uncontrollably at your foes.
You are occasionally teleported next to monsters.
Potions are less effective at restoring your health.


Message History

As you read the scroll of blinking, it crumbles to dust.
You hear a deafening roar!
The electric golem blinks!
Blink to where?
Press: ? - help, Dir - move target
As you read the scroll of blinking, it crumbles to dust.
The Killer Klown pies you viciously! The klown pie hits you!!
Plum!
You feel light-headed.
* * * LOW HITPOINT WARNING * * *
Unknown command.
You feel much better.
You feel much better.
Blink to where?
Press: ? - help, Dir - move target
As you read the scroll of blinking, it crumbles to dust.
The Orb Guardian hits you but does no damage.
The Orb Guardian is very cold.
The Orb Guardian is lightly wounded.
Unknown command.
Unknown command.
Blink to where?
Press: ? - help, Dir - move target
As you read the scroll of blinking, it crumbles to dust.
The Orb Guardian closely misses you. You block the Orb Guardian's attack.
Blink to where?
Press: ? - help, Dir - move target
As you read the scroll of blinking, it crumbles to dust.
The Orb Guardian hits you!
* * * LOW HITPOINT WARNING * * *
The Orb Guardian is very cold.
The Orb Guardian is lightly wounded.
Unknown command.
You feel yourself speed up. The Orb Guardian hits you!
* * * LOW HITPOINT WARNING * * *
The Orb Guardian is very cold.
The Orb Guardian is lightly wounded.
The Orb Guardian hits you!
* * * LOW HITPOINT WARNING * * *
The Orb Guardian hits you!!
You die...

#.#.####.⌠....#.<..........
#.#........⌠.##............
#.#..#.#.#.#[##............
#.#..........##............
#.#..#.#.#.#.##............
#.#..........##...⌠........
#.#..#.#.#.#.##............
#.#..........###'######....
#.#..#.#.#@#.###.p*.*.#..^.
#.#......XX[........*.#....
#.#.#####...#######.#.'....
#.#.# #.### #.###.... #.#.#
#X# #.# #..<. #.#.# #.# #.#
#.... #######.#.#####'#####
#.# #....
..........##...[§...# #.#
##'##
####▓▓▓▓########)########▓▓
###*


You could see 3 Orb Guardians.

Vanquished Creatures
  the Royal Jelly (Slime:5)
  Dissolution (Slime:2)
  3 orbs of fire
  2 juggernauts
  3 Killer Klowns
  3 curse toes
  A caustic shrike (Depths:2)
  8 golden dragons
  Arachne (Spider:3)
  Jorgrun (Spider:1)
  12 tentacled monstrosities
  An electric golem (Zot:1)
  The ghost of Grim the Bringer of Light, an adept MiFi of the Shining One (Depths:2)
  3 walking crystal tomes
  A hellephant (Depths:4)
  9 Orb Guardians (Zot:5)
  The ghost of Plog the Human Blade, an adept HuBe of Trog (Elf:1)
  The ghost of tensugalgo the Earth Mage, an adept HuEE of Hepliaklqana (Elf:1)
  10 quicksilver dragons
  Asterion (Depths:1)
  The ghost of Bujuoga the Warrior, an adept PaFi of Okawaru (Elf:1)
  2 titans
  A walking divine tome (Depths:1)
  26 acid blobs
  Kirke (Swamp:3)
  9 death cobs
  9 sphinxes
  A tentacled starspawn (WizLab)
  7 thorn hunters
  6 tengu reavers
  4 draconian monks
  A revenant (Vaults:3)
  14 shadow dragons
  Roxanne (Swamp:3)
  22 storm dragons
  2 fenstrider witches (Swamp:3)
  13 rockslimes
  12 azure jellies
  Donald (Vaults:2)
  3 frost giants
  3 deep elf sorcerers
  2 draconian knights (Zot:2)
  9 fire giants
  4 emperor scorpions
  10 vault wardens
  A nagaraja (WizLab)
  Aizul (Vaults:2)
  2 iron dragons
  3 draconian scorchers
  Louise (Swamp:3)
  8 ghost moths
  7 draconian stormcallers
  4 orc warlords
  5 draconian annihilators
  4 spriggan defenders
  A deep elf elementalist (Elf:1)
  5 draconian shifters
  3 broodmothers
  4 demonspawn corrupters (WizLab)
  16 quicksilver oozes
  2 ghouls
  2 juggernaut zombies (Depths:3)
  17 very ugly things
  The ghost of Naunuok the Eclecticist, a journeyman DEIE of Vehumet (Elf:1)
  13 ironbound preservers
  10 ironbound thunderhulks
  The ghost of Ytzathau the Cleaver, a journeyman MiDe of Okawaru (Lair:4)
  11 stone giants
  4 deep elf demonologists
  5 vampire knights
  3 red draconians
  5 black draconians
  3 eleionomae
  A minotaur (Gauntlet)
  10 green draconians
  3 white draconians
  8 dire elephants
  12 entropy weavers
  7 bunyips
  7 spark wasps
  21 yellow draconians
  7 purple draconians
  2 merfolk javelineers
  11 ettins
  4 deep elf death magi
  13 fire dragons
  7 yaktaur captains
  A jiangshi (Depths:3)
  3 shambling mangroves
  4 deep elf high priests
  19 great orbs of eyes
  9 ice dragons
  Harold (D:9)
  6 rakshasas
  A salamander tyrant (Depths:2)
  2 jorogumos
  33 hydras
  10 ironbound frosthearts
  2 catoblepae (D:14)
  2 ghost crabs
  13 boulder beetles
  2 ogre magi
  4 radroaches
  6 centaur warriors
  6 spriggan air magi
  A death knight (D:14)
  2 merfolk aquamancers (WizLab)
  33 dancing weapons
  4 two-headed ogres
  11 deep troll earth magi
  9 death yaks
  6 alligators
  6 spriggan berserkers
  4 deep troll shamans
  An orc high priest (Orc:2)
  A death scarab (Spider:4)
  2 vampire magi
  14 hell hogs
  6 tengu warriors
  Urug (Lair:5)
  5 soul eaters
  2 sun demons (Depths:2)
  7 hell knights
  Nergalle (Orc:2)
  15 deep elf knights
  A fire crab (shapeshifter) (Elf:2)
  A salamander mystic (Depths:2)
  9 iron trolls
  9 pharaoh ants
  3 sun moths
  3 goliath frogs
  12 steelbarb worms
  A fire crab (Gauntlet)
  4 skeletal warriors (D:13)
  2 spriggan druids
  8 orb spiders
  4 flayed ghosts
  A spark wasp zombie (Depths:3)
  40 deep trolls
  8 swamp dragons
  9 glowing orange brains
  5 lindwurms
  5 bog bodies
  21 ironbound convokers
  5 harpies (Elf:2)
  22 deep elf pyromancers
  22 wizards
  19 deep elf archers
  12 orc knights
  Pikel (D:9)
  An obsidian statue (D:12)
  5 orc sorcerers
  20 deep elf zephyrmancers
  5 cyclopes
  10 necromancers
  19 wolf spiders
  7 will-o-the-wisps
  3 phantasmal warriors
  7 manticores
  5 shining eyes
  47 ugly things
  The ghost of paps the Sneak, a novice OpFi (D:6)
  5 oklob plants
  3 worldbinders (WizLab)
  A faun (shapeshifter) (Elf:2)
  27 moths of wrath
  4 salamanders (Depths:2)
  15 elephants
  5 centaur zombies
  14 vault sentinels
  7 torpor snails
  A water nymph (WizLab)
  8 eyes of devastation
  4 black mambas
  A titan simulacrum (Vaults:1)
  A smoke demon (Depths:1)
  An ice statue (D:13)
  A torpor snail (shapeshifter) (D:14)
  An unseen horror (D:13)
  19 cane toads
  An elf zombie (Vaults:1)
  2 gargoyles
  A rime drake (Elf:2)
  13 demonic crawlers
  2 kobold demonologists
  A yaktaur zombie (Vaults:1)
  A rime drake (shapeshifter) (D:13)
  Psyche (D:9)
  A komodo dragon (shapeshifter) (D:14)
  4 freezing wraiths
  42 yaktaurs
  2 efreet (D:15)
  7 komodo dragons
  7 tengu conjurers
  3 trolls
  2 hydra zombies (Swamp:3)
  2 bloated husks (Swamp:1)
  7 polar bears
  A troll (shapeshifter) (D:15)
  22 hornets
  28 meliai
  6 tyrant leeches
  131 slime creatures
  15 tarantellas
  A dream sheep (Lair:6)
  15 blink frogs
  Prince Ribbit (D:7)
  A human simulacrum (Vaults:2)
  16 jumping spiders
  21 culicivoras
  5 air elementals
  A flying skull (Vaults:3)
  A vampire (D:9)
  21 spriggans
  Sigmund (D:4)
  5 wraiths
  3 wyverns
  4 water elementals
  8 fire bats
  44 yaks
  2 fire elementals (Elf:1)
  6 hogs (Swamp:3)
  8 golden eyes
  A golden eye (shapeshifter) (D:15)
  A human (shapeshifter) (D:15)
  5 basilisks
  67 redbacks
  A steam dragon (D:8)
  15 vampire mosquitoes
  A yaktaur simulacrum (Vaults:1)
  Menkaure (D:5)
  9 swamp worms
  4 wargs
  16 water moccasins
  2 acid dragons
  Duvessa (D:5)
  5 hell hounds
  3 floating eyes
  43 orc warriors
  9 swamp drakes
  2 ice beasts
  2 sky beasts
  8 black bears
  4 necrophages
  8 ogres
  7 boggarts
  An ettin simulacrum (Vaults:2)
  28 wolves
  13 centaurs
  A human skeleton (Vaults:2)
  4 kobold brigands
  2 human zombies (Vaults:2)
  3 earth elementals (Elf:1)
  Blork the orc (Orc:2)
  17 bullfrogs
  5 gnoll sergeants
  A scorpion (Lair:3)
  2 water moccasin skeletons
  Dowan (D:5)
  9 killer bees (D:9)
  An oklob sapling (Swamp:2)
  9 howler monkeys
  2 vampire bats (D:8)
  2 electric eels (Lair:5)
  25 orc priests
  4 hounds
  15 jellies
  A bullfrog skeleton (D:7)
  2 gnoll shamans
  2 iguanas
  26 orc wizards
  A scorpion zombie (D:5)
  A killer bee zombie (D:7)
  A hound zombie (D:3)
  20 gnolls
  5 adders
  A white imp (D:7)
  2 adder skeletons (D:4)
  2 worms
  The ghost of fly the Sneak, a weakling FoDe (D:5)
  3 dart slugs
  96 orcs
  10 endoplasms
  4 giant cockroaches
  10 hobgoblins
  11 jackals
  3 quokkas
  6 ball pythons
  13 bats
  2 frilled lizards
  5 goblins
  13 kobolds
  6 rats
2287 creatures vanquished.

Vanquished Creatures (collateral kills)
  An orb of fire (Zot:4)
  A deep elf blademaster (Elf:2)
  2 acid blobs (Slime:2)
  A sphinx (WizLab)
  A dancing weapon (Elf:2)
  A redback (Spider:1)
7 creatures vanquished.

Vanquished Creatures (others)
  A golden dragon (Zot:2)
  A hellephant (Depths:4)
  A quicksilver dragon (Zot:2)
  A shadow dragon (Depths:4)
  A fire giant (Depths:2)
  A draconian scorcher (Zot:2)
  A ghost moth (WizLab)
  An eleionoma (Swamp:1)
  An ogre mage (D:13)
  A hydra (Swamp:4)
  3 deep elf knights (Elf:2)
  A deep elf pyromancer (Elf:2)
  2 wizards
  A yaktaur (Vaults:1)
  A bloated husk (Swamp:3)
  A jumping spider (Spider:1)
  A golden eye (Slime:2)
  A swamp worm (Swamp:4)
  A swamp drake (Swamp:4)
  2 jellies (Zot:3)
  2 orc wizards (Orc:2)
  5 orcs
  6 briar patches (Swamp:2)
  20 foxfires
  42 fungi
  69 plants
168 creatures vanquished.

Grand Total: 2462 creatures vanquished

Notes
Turn   | Place    | Note
-------+----------+-------------------------------------------
     0 | D:1      | Nattfarinn the Deep Dwarf Necromancer began the quest for
                  | the Orb.
     0 | D:1      | Reached XP level 1. HP: 15/15 MP: 3/3
   199 | D:1      | Reached XP level 2. HP: 13/22 MP: 3/5
   734 | D:1      | Found a faded altar of an unknown god.
   898 | D:1      | Reached XP level 3. HP: 4/28 MP: 4/7
   902 | D:1      | Learned a level 3 spell: Vampiric Draining
  1079 | D:1      | Got the Guide on Displacement and the Blaze
  1327 | D:2      | Found a radiant altar of Vehumet.
  1921 | D:2      | Reached skill level 5 in Necromancy
  2380 | D:3      | Reached XP level 4. HP: 36/36 MP: 4/8
  2875 | D:3      | Noticed a necrophage
  2992 | D:4      | Reached XP level 5. HP: 28/42 MP: 3/10
  3771 | D:4      | Noticed Sigmund
  3961 | D:3      | Noticed a necrophage
  4105 | D:1      | Killed a necrophage
  4106 | D:1      | Reached XP level 6. HP: 2/43 MP: 12/12
  4309 | D:3      | HP: 2/43 [dart slug/slug dart (4)]
  5187 | D:5      | Entered Level 5 of the Dungeon
  5194 | D:4      | Reached skill level 5 in Spellcasting
  5364 | D:5      | Reached XP level 7. HP: 37/55 MP: 4/15
  5734 | D:5      | Noticed Duvessa
  5754 | D:5      | Killed Duvessa
  5760 | D:5      | Noticed Dowan
  5894 | D:4      | Learned a level 1 spell: Sandblast
  6267 | D:5      | Found a transporter.
  6378 | D:5      | Reached XP level 8. HP: 62/62 MP: 1/17
  6535 | D:5      | Killed Dowan
  6605 | D:5      | Found a transporter.
  6727 | D:5      | Noticed Menkaure
  6739 | D:5      | Killed Menkaure
  6928 | D:5      | Found a blossoming altar of Fedhas.
  7101 | D:6      | Reached skill level 1 in Earth Magic
  7351 | D:6      | Found a runed translucent gate.
  7351 | D:6      | Found a runed translucent gate.
  7351 | D:6      | Found a runed translucent gate.
  7352 | D:6      | Noticed paps's ghost (novice OpFi)
  7603 | D:6      | Identified the +1 falchion "Muxkae" {freeze, Fragile Int-2
                  | Dex+8 SInv}
  7704 | D:6      | Gained mutation: You passively map the area around you.
                  | [Deep Dwarf growth]
  7704 | D:6      | Reached XP level 9. HP: 40/68 MP: 1/19
  9154 | D:7      | Found a staircase to the Ecumenical Temple.
  9163 | Temple   | Entered the Ecumenical Temple
  9232 | Temple   | Became a worshipper of Makhleb the Destroyer
  9303 | D:7      | Noticed Prince Ribbit
  9309 | D:7      | Killed Prince Ribbit
  9310 | D:7      | Reached skill level 10 in Earth Magic
  9714 | D:8      | Learned a level 3 spell: Stone Arrow
  9851 | D:8      | Reached skill level 1 in Fighting
 10441 | D:8      | Found a staircase to the Lair.
 10482 | D:8      | Reached XP level 10. HP: 70/84 MP: 6/20
 11475 | D:9      | Reached * piety under Makhleb
 11639 | D:9      | Noticed Psyche
 11643 | D:9      | Cast into level 1 of the Abyss (Psyche)
 11674 | Abyss:1  | Noticed a glowing orange brain
 11744 | D:9      | Escaped the Abyss
 11826 | D:9      | Reached skill level 5 in Fighting
 11952 | D:9      | Killed Psyche
 11975 | D:9      | Noticed Pikel
 11990 | D:9      | Killed Pikel
 12228 | D:9      | Noticed Harold
 13007 | D:9      | Killed Harold
 13371 | D:10     | Entered Level 10 of the Dungeon
 13504 | D:10     | Found a portal to a secret trove of treasure.
 13529 | D:10     | Noticed a gargoyle
 13754 | D:10     | Reached XP level 11. HP: 44/106 MP: 0/21
 14372 | D:10     | Reached ** piety under Makhleb
 14743 | D:10     | Reached skill level 10 in Fighting
 15665 | D:11     | Found a staircase to the Orcish Mines.
 15852 | D:11     | Noticed a six-headed hydra
 15856 | D:11     | Killed a six-headed hydra
 16526 | Lair:1   | Entered Level 1 of the Lair of Beasts
 16858 | Lair:1   | Reached skill level 10 in Necromancy
 17383 | Lair:1   | Reached *** piety under Makhleb
 18407 | Lair:1   | Reached XP level 12. HP: 35/117 MP: 4/22
 19435 | Lair:2   | Noticed a death yak
 19446 | Lair:1   | Killed a death yak
 19663 | Lair:2   | Reached skill level 1 in Invocations
 19663 | Lair:2   | Reached skill level 1 in Evocations
 20119 | Lair:2   | Noticed an eight-headed hydra
 20171 | Lair:2   | Killed an eight-headed hydra
 20672 | Lair:2   | Reached skill level 5 in Invocations
 21678 | Lair:3   | Reached skill level 5 in Evocations
 21750 | Lair:3   | Found a gate leading to a gauntlet.
 21759 | Gauntlet | Entered a Gauntlet
 21759 | Gauntlet | Found a transporter.
 21766 | Gauntlet | Noticed a ghost crab
 21768 | Gauntlet | Found a transporter.
 21788 | Gauntlet | Found a transporter.
 21789 | Gauntlet | Found a transporter.
 21806 | Gauntlet | Found a transporter.
 21819 | Gauntlet | Found a transporter.
 21827 | Gauntlet | Found a transporter.
 21828 | Gauntlet | Found a transporter.
 21845 | Gauntlet | Noticed a quicksilver ooze
 21849 | Gauntlet | Found a transporter.
 21866 | Gauntlet | Found a transporter.
 21870 | Gauntlet | Found a transporter.
 21878 | Gauntlet | Found a transporter.
 21900 | Gauntlet | Noticed a cacodemon
 22137 | Gauntlet | Killed a ghost crab
 22163 | Gauntlet | Identified the +1 hat "Fiklee" {Rampage rF+ Str+2 Dex+3}
 22458 | Gauntlet | Identified the ring of False Pretenses {rPois Will+ Int-2
                  | Dex+5}
 22458 | Gauntlet | Noticed a minotaur
 22476 | Gauntlet | Killed a minotaur
 22988 | Lair:3   | Reached skill level 10 in Invocations
 23228 | Lair:3   | Reached **** piety under Makhleb
 23229 | Lair:3   | Reached XP level 13. HP: 124/124 MP: 8/23
 23752 | Lair:3   | Found a staircase to the Swamp.
 23806 | Lair:3   | Found a hole to the Spider Nest.
 24418 | Lair:4   | Found a transporter.
 24816 | Lair:4   | Found a transporter.
 24822 | Lair:4   | Noticed Ytzathau's ghost (journeyman MiDe)
 25134 | Lair:5   | Found a shimmering altar of Xom.
 25685 | Lair:5   | Noticed Urug
 25707 | Lair:5   | Killed Urug
 25783 | Lair:5   | Found a staircase to the Slime Pits.
 25784 | Lair:5   | Found a viscous altar of Jiyva.
 26210 | Lair:5   | Reached ***** piety under Makhleb
 26235 | Lair:5   | Reached skill level 10 in Spellcasting
 26733 | Lair:6   | Entered Level 6 of the Lair of Beasts
 27199 | Lair:6   | Found the +10 zealot's sword {holy, *Rage rN+ EV+3}
 27308 | Lair:6   | Reached skill level 1 in Long Blades
 27490 | Lair:6   | Found a shimmering altar of Xom.
 27588 | Lair:6   | Gained mutation: You resist negative energy. (rN+) [Deep
                  | Dwarf growth]
 27588 | Lair:6   | Reached XP level 14. HP: 133/133 MP: 28/28
 27900 | Lair:5   | Reached skill level 5 in Long Blades
 28865 | Lair:6   | Paralysed by a hornet for 3 turns
 29173 | Lair:6   | Paralysed by a hornet for 1 turns
 29448 | Lair:6   | Learned a level 5 spell: Agony
 30057 | D:12     | Reached skill level 1 in Shields
 30624 | D:12     | HP: 3/133 [seven-headed hydra (9)]
 30798 | D:12     | Found a sparkling altar of Nemelex Xobeh.
 31057 | D:12     | Reached skill level 5 in Shields
 31619 | D:13     | Found a gate to the Vaults.
 32341 | D:13     | Identified the +8 plate armour "Xobitt" {Fly Will- Str+7
                  | Int-4}
 32403 | D:13     | Reached skill level 1 in Armour
 32663 | D:13     | Identified the +5 war axe of Turmoil {elec, Str+2 Int+4
                  | Dex+6}
 32955 | D:13     | Identified the +1 scale mail of Distant Shores {-Tele rN++
                  | Dex+4}
 33212 | D:13     | Reached skill level 5 in Armour
 33464 | D:13     | Upgraded the game from 0.29-a0-25-g7f48f510a0 to
                  | 0.29-a0-39-g581ba40fa7
 33635 | D:14     | Reached XP level 15. HP: 74/140 MP: 4/28
 35364 | D:12     | Got Jacs's Papyrus of Displaced Confrontation
 35513 | D:15     | Entered Level 15 of the Dungeon
 35555 | D:15     | Reached ****** piety under Makhleb
 35625 | D:15     | Found a shimmering blue altar of Sif Muna.
 36094 | D:15     | Reached skill level 10 in Armour
 36146 | D:15     | Found a staircase to the Depths.
 36668 | Lair:4   | Killed Ytzathau's ghost
 36705 | Lair:4   | Identified the amulet "Erghin" {rF+ Will+ Regen+ Stlth+}
 37052 | Orc:1    | Entered Level 1 of the Orcish Mines
 37333 | Orc:2    | Entered Level 2 of the Orcish Mines
 38072 | Orc:2    | Noticed Blork the orc
 38126 | Orc:2    | Killed Blork the orc
 38213 | Orc:2    | Noticed an orc warlord
 38465 | D:11     | Killed an orc warlord
 39037 | Orc:2    | Found Cock's Antique Armour Boutique.
 39040 | Orc:2    | Noticed Nergalle
 39041 | Orc:2    | Found Duokh's General Store.
 39052 | Orc:2    | Killed Nergalle
 39117 | Orc:2    | Found Amyessa's Antique Weapon Boutique.
 39157 | Orc:2    | Found a staircase to the Elven Halls.
 39361 | Orc:2    | Found Ruz Qot's Book Boutique.
 39804 | Orc:2    | Bought Great Wizards, Vol. II for 456 gold pieces
 39810 | Orc:2    | Learned a level 5 spell: Borgnjor's Vile Clutch
 41380 | Spider:1 | Entered Level 1 of the Spider Nest
 41489 | Spider:1 | Noticed Jorgrun
 41500 | Spider:1 | Noticed an emperor scorpion
 41515 | Spider:1 | Reached XP level 16. HP: 145/147 MP: 11/28
 41516 | Spider:1 | Killed Jorgrun
 42085 | Spider:2 | Identified the +4 war axe of Cufoyhibb {vorpal, Dex+3}
 42182 | Spider:2 | Reached skill level 15 in Necromancy
 48618 | Spider:3 | Identified the +10 quarterstaff "Cegginto" {distort, Will+}
 48633 | Spider:4 | Entered Level 4 of the Spider Nest
 49683 | Swamp:1  | Entered Level 1 of the Swamp
 50046 | Swamp:1  | Noticed a thorn hunter
 50056 | Swamp:1  | Killed a thorn hunter
 50442 | Swamp:1  | Reached XP level 17. HP: 154/154 MP: 22/28
 52577 | Swamp:2  | Reached skill level 10 in Shields
 53735 | Swamp:3  | Found the +1 cloak of Starlight {*Dazzle EV+4 Stlth--}
 53787 | Swamp:3  | Got the Papyrus of Reanimation Made Easy
 53932 | Swamp:3  | Noticed a tentacled monstrosity
 53942 | Swamp:2  | Killed a tentacled monstrosity
 54744 | Swamp:3  | Identified the +1 scimitar of the Two Names {freeze, rF-
                  | rN+ Will+}
 54836 | Swamp:3  | Noticed Kirke
 54882 | Swamp:3  | Killed Kirke
 54998 | Swamp:3  | Noticed Louise
 55025 | Swamp:3  | Killed Louise
 55095 | Swamp:3  | Noticed Roxanne
 55665 | Swamp:3  | Killed Roxanne
 55815 | Swamp:4  | Entered Level 4 of the Swamp
 57426 | Swamp:4  | Got a decaying rune of Zot
 58935 | Spider:3 | Gained mutation: You passively map a large area around you.
                  | [Deep Dwarf growth]
 58935 | Spider:3 | Reached XP level 18. HP: 160/161 MP: 18/29
 61335 | Spider:4 | Noticed Arachne
 61601 | Spider:3 | Killed Arachne
 61848 | Spider:3 | Reached skill level 10 in Long Blades
 65621 | Spider:4 | Got a gossamer rune of Zot
 65832 | Spider:4 | Reached skill level 5 in Dodging
 66468 | Vaults:1 | Entered Level 1 of the Vaults
 68999 | Vaults:1 | Reached skill level 10 in Dodging
 69087 | Vaults:1 | Reached XP level 19. HP: 170/170 MP: 30/30
 70153 | Vaults:2 | Learned a level 5 spell: Lee's Rapid Deconstruction
 70408 | Vaults:2 | Noticed Aizul
 70424 | Vaults:2 | Killed Aizul
 70678 | Vaults:2 | Reached skill level 15 in Earth Magic
 71638 | Vaults:2 | Found the +8 storm bow {elec, penet}
 71887 | Vaults:2 | Found Waudohuj's General Store.
 71905 | Vaults:2 | Bought a scroll of teleportation for 45 gold pieces
 72091 | Vaults:2 | Identified the +10 long sword "Hydraslayer" {speed, rF- rN+
                  | Int+4}
 72091 | Vaults:2 | Identified the ring of Negaesiu {Contam rElec rPois Int+4}
 72195 | Vaults:2 | Noticed Donald
 72206 | Vaults:2 | Killed Donald
 72655 | Vaults:3 | Found a staircase to the Crypt.
 72762 | Vaults:3 | Identified the +6 arbalest "Eguch" {vorpal, rElec rF-
                  | Will++ Dex+3}
 73012 | Vaults:3 | Reached XP level 20. HP: 161/182 MP: 11/30
 74722 | Vaults:3 | Reached XP level 21. HP: 193/198 MP: 31/31
 76575 | D:6      | Killed paps's ghost
 76731 | D:5      | Noticed fly's ghost (weakling FoDe)
 76747 | D:5      | Killed fly's ghost
 76831 | D:4      | Killed Sigmund
 77318 | Orc:2    | Bought 3 scrolls of teleportation for 99 gold pieces
 77510 | Elf:1    | Entered Level 1 of the Elven Halls
 77859 | Elf:1    | Found Vecilila's Jewellery Shop.
 77881 | Elf:1    | Found a runed translucent gate.
 77881 | Elf:1    | Found a runed translucent gate.
 77881 | Elf:1    | Found a runed translucent gate.
 77883 | Elf:1    | Noticed Bujuoga's ghost (adept PaFi)
 77883 | Elf:1    | Noticed Naunuok's ghost (journeyman DEIE)
 77884 | Elf:1    | Noticed tensugalgo's ghost (adept HuEE)
 77884 | Elf:1    | Noticed Plog's ghost (adept HuBe)
 77904 | Elf:1    | Killed Plog's ghost
 77915 | Elf:1    | Killed Bujuoga's ghost
 77923 | Elf:1    | Killed tensugalgo's ghost
 77925 | Elf:1    | Killed Naunuok's ghost
 78024 | Elf:1    | Paralysed by an air elemental for 1 turns
 78045 | Elf:1    | Reached skill level 15 in Long Blades
 78231 | Elf:1    | Found a runed translucent gate.
 78231 | Elf:1    | Found a runed translucent gate.
 78231 | Elf:1    | Found a runed translucent gate.
 78231 | Elf:1    | Found a runed translucent gate.
 78231 | Elf:1    | Found a runed translucent gate.
 78232 | Elf:1    | Found a runed translucent gate.
 79324 | Elf:1    | Learned a level 6 spell: Statue Form
 79349 | Elf:2    | Found a flickering gateway to a bazaar.
 79356 | Elf:2    | Reached skill level 1 in Transmutations
 79368 | Bazaar   | Entered a bazaar
 79368 | Bazaar   | Found Fuusosim's Magic Scroll Shop.
 79383 | Bazaar   | Found Mualimi's Jewellery Emporium.
 79395 | Bazaar   | Found Urphepp's Assorted Antiques.
 79399 | Bazaar   | Found Qobledipy's Antique Weapon Shop.
 79405 | Bazaar   | Found Timile's Book Shoppe.
 79445 | Bazaar   | Bought a scroll of identify for 26 gold pieces
 79445 | Bazaar   | Bought a scroll of blinking for 97 gold pieces
 79445 | Bazaar   | Bought a scroll of torment for 97 gold pieces
 79445 | Bazaar   | Bought a scroll of identify for 26 gold pieces
 79445 | Bazaar   | Bought a scroll of identify for 26 gold pieces
 79477 | Bazaar   | Bought a potion of mutation for 256 gold pieces
 79487 | Bazaar   | Bought a Grand Grimoire for 476 gold pieces
 79646 | Elf:2    | Identified the +3 ring mail of Eclixt {MP+9}
 79718 | Elf:2    | Reached XP level 22. HP: 204/206 MP: 7/32
 79835 | Elf:2    | Found a magical portal.
 79874 | WizLab   | Entered Alistair's Party Mansion
 80368 | WizLab   | Reached skill level 5 in Transmutations
 80708 | WizLab   | Identified a scroll of acquirement
 80722 | WizLab   | Acquired the +18 shield of the Gong {rElec rN+ Will+ EV-5}
 80722 | WizLab   | Found the +18 shield of the Gong {rElec rN+ Will+ EV-5}
 81035 | WizLab   | Got the Reference Book on Mutagenic Envenoming
 81285 | Elf:2    | Paralysed by an air elemental for 1 turns
 81291 | Elf:2    | Paralysed by an air elemental for 1 turns
 81489 | Elf:2    | Paralysed by an air elemental for 1 turns
 81818 | Elf:2    | Found a runed translucent door.
 81882 | Elf:2    | Found a runed translucent door.
 82304 | Elf:2    | Reached skill level 10 in Transmutations
 83020 | Depths:1 | Entered Level 1 of the Depths
 83086 | Depths:1 | Found Bugraq's Jewellery Shop.
 83911 | D:15     | Paralysed by a floating eye for 4 turns
 84265 | Depths:1 | Found Ytwucorre's Jewellery Boutique.
 84280 | Depths:1 | Bought the ring "Bawk" {rC+ Int-2 Dex+9} for 747 gold
                  | pieces
 85192 | Depths:1 | Identified the amulet of Neimny {Acrobat rF+ rC+ Int+4}
 85288 | Depths:1 | Found a gateway to Hell.
 85513 | Depths:2 | Reached XP level 23. HP: 192/213 MP: 14/33
 86348 | Depths:2 | Identified the +5 plate armour "Reozoat" {Harm Fly Will++
                  | Dex-2}
 86544 | Depths:2 | Noticed a juggernaut
 87239 | Depths:1 | Reached skill level 15 in Transmutations
 87411 | Depths:2 | Noticed Asterion
 87439 | Depths:1 | Killed Asterion
 87590 | Depths:2 | Identified the +1 leather armour of Apathy {Int+4}
 87750 | Depths:1 | Killed a juggernaut
 88147 | Depths:2 | Found a runed translucent gate.
 88148 | Depths:2 | Found a runed translucent gate.
 88149 | Depths:2 | Found a runed translucent gate.
 88150 | Depths:2 | Noticed Grim's ghost (adept MiFi)
 88164 | Depths:2 | Found a viscous altar of Jiyva.
 88808 | Depths:2 | Found a one-way gate leading to the halls of Pandemonium.
 89062 | Depths:2 | Paralysed by a floating eye for 4 turns
 89433 | Depths:2 | Killed Grim's ghost
 89485 | Depths:2 | Identified the +2 cloak "Edducw" {+Blink rElec Will-}
 90641 | Depths:3 | Noticed a caustic shrike
 90771 | Depths:2 | Killed a caustic shrike
 91882 | Depths:2 | Reached skill level 15 in Armour
 93222 | Depths:3 | Reached XP level 24. HP: 222/222 MP: 33/33
 93233 | Depths:3 | Noticed a juggernaut
 93249 | Depths:3 | Killed a juggernaut
 93758 | Depths:3 | Found a one-way gate to the infinite horrors of the Abyss.
 93936 | Depths:3 | Identified the +8 chain mail of the Exiled Violins {Will++
                  | Dex+3 Stlth-}
 94623 | Depths:3 | Identified the +2 scale mail "Have" {Drain Fly Str+6 Int-3}
 94801 | Depths:4 | Entered Level 4 of the Depths
 94813 | Depths:4 | Found a one-way gateway to a ziggurat.
 94906 | Depths:4 | Found a flickering gateway to a bazaar.
 94917 | Bazaar   | Entered a bazaar
 94940 | Bazaar   | Found Aveh's Book Boutique.
 94940 | Bazaar   | Found Razosoa's Jewellery Boutique.
 94966 | Bazaar   | Found Xewegun's Distillery.
 95015 | Bazaar   | Found Ecossody's Magic Scroll Boutique.
 95023 | Bazaar   | Bought a scroll of fog for 28 gold pieces
 95023 | Bazaar   | Bought a scroll of silence for 105 gold pieces
 95023 | Bazaar   | Bought a scroll of fear for 49 gold pieces
 95023 | Bazaar   | Bought a scroll of blinking for 105 gold pieces
 95023 | Bazaar   | Bought a scroll of blinking for 105 gold pieces
 95023 | Bazaar   | Bought 2 scrolls of blinking for 210 gold pieces
 95072 | Bazaar   | Bought a potion of curing for 27 gold pieces
 95072 | Bazaar   | Bought a potion of haste for 90 gold pieces
 95072 | Bazaar   | Bought a potion of lignification for 27 gold pieces
 95072 | Bazaar   | Bought a potion of brilliance for 36 gold pieces
 95072 | Bazaar   | Bought 2 potions of attraction for 54 gold pieces
 95072 | Bazaar   | Bought a potion of heal wounds for 45 gold pieces
 95091 | Bazaar   | Bought the ring of Gohidoesh {Wiz rF+} for 528 gold pieces
 95099 | Bazaar   | Bought a book of Death for 748 gold pieces
 95246 | Depths:4 | Reached skill level 15 in Fighting
 95728 | Depths:4 | Found a gate to the Realm of Zot.
 95782 | Depths:4 | Identified the +4 dagger of Xom's Respect {vorpal, rN+
                  | rCorr Int-5}
 97190 | D:10     | You paid a toll of a +7 demon trident to enter a treasure
                  | trove
 97191 | Trove    | Entered a treasure trove
 97193 | Trove    | Found a bloodstained altar of Trog.
 97196 | Trove    | Identified the +8 triple sword "Zuoresti" {flame, +Blink
                  | Str+3}
 97221 | Trove    | Identified the +12 demon blade "Zuquo" {venom, rPois}
 97233 | Trove    | Identified the +5 spear of the Sage {venom, *Rage rC+
                  | Int+4}
 97845 | Depths:2 | Learned a level 4 spell: Animate Armour
 97912 | Depths:2 | Upgraded the game from 0.29-a0-39-g581ba40fa7 to
                  | 0.29-a0-41-g89e12c0570
 98431 | Slime:1  | Entered Level 1 of the Pits of Slime
 98448 | Slime:1  | Reached skill level 1 in Summonings
 98517 | Slime:1  | Reached skill level 2 in Summonings
 98602 | Slime:1  | Reached skill level 3 in Summonings
 98967 | Slime:1  | Reached skill level 4 in Summonings
 99204 | Slime:1  | Gained mutation: You tend to lose your temper in combat. [a
                  | shining eye]
 99282 | Slime:2  | Reached skill level 5 in Summonings
 99756 | Slime:3  | Reached skill level 6 in Summonings
 99821 | Slime:3  | Noticed Dissolution
 99826 | Slime:3  | Paralysed by a floating eye for 4 turns
 99830 | Slime:3  | Gained mutation: You are frail. (-10% HP) [a shining eye]
 99832 | Slime:3  | Paralysed by a floating eye for 3 turns
 99849 | Slime:2  | Killed Dissolution
 99966 | Slime:2  | Reached skill level 7 in Summonings
101164 | Slime:4  | Gained mutation: You are dopey. (Int -2) [a shining eye]
101424 | Slime:4  | Reached skill level 8 in Summonings
101500 | Slime:4  | Gained mutation: You have large cloven feet. [a shining
                  | eye]
101505 | Slime:4  | Gained mutation: A frigid envelope surrounds you and
                  | freezes all who hurt you. [a shining eye]
101520 | Slime:4  | Gained mutation: You occasionally shout uncontrollably at
                  | your foes. [a shining eye]
101653 | Slime:5  | Entered Level 5 of the Pits of Slime
102075 | Slime:5  | Reached skill level 9 in Summonings
102962 | Slime:5  | Paralysed by a great orb of eyes for 2 turns
103177 | Slime:5  | Gained mutation: You have a pair of small antennae on your
                  | head. [a shining eye]
103524 | Slime:5  | Reached XP level 25. HP: 117/210 MP: 33/33
104012 | Slime:5  | Reached skill level 10 in Summonings
105074 | Slime:5  | Noticed the Royal Jelly
105085 | Slime:5  | Killed the Royal Jelly
105511 | Slime:5  | Reached skill level 11 in Summonings
105666 | Slime:5  | Got a slimy rune of Zot
105693 | Slime:5  | Identified the amulet "Plog" {rN++ Regen+ Int+7 Dex-4}
105772 | Slime:5  | Identified the ring "Tajixt Adaq" {Wiz Str+5 Dex-4}
105791 | Slime:5  | Identified the ring "Witolum" {Fly rPois rC+ MP-9 Dex+4}
105804 | Slime:5  | Identified the +0 ring mail of Konuamm {rF+ Int+3}
106600 | Zot:1    | Entered Level 1 of the Realm of Zot
107341 | Zot:1    | Noticed an orb of fire
107344 | Zot:1    | Gained mutation: You have hidden genetic defects. [an orb
                  | of fire]
107348 | Zot:1    | Gained mutation: You are clumsy. (Dex -2) [an orb of fire]
107355 | Zot:1    | Gained mutation: You are very dopey. (Int -4) [an orb of
                  | fire]
107357 | Zot:1    | Lost mutation: You tend to lose your temper in combat. [an
                  | orb of fire]
107359 | Zot:1    | Killed an orb of fire
107365 | Zot:1    | Reached skill level 12 in Summonings
107412 | Zot:1    | Lost mutation: You are clumsy. (Dex -2) [potion of
                  | mutation]
107412 | Zot:1    | Lost mutation: You are very dopey. (Int -4) [potion of
                  | mutation]
107412 | Zot:1    | Gained mutation: Your flesh is heat resistant. (rF+)
                  | [potion of mutation]
107413 | Zot:1    | Lost mutation: Your flesh is heat resistant. (rF+) [potion
                  | of mutation]
107413 | Zot:1    | Lost mutation: You have hidden genetic defects. [potion of
                  | mutation]
107413 | Zot:1    | Lost mutation: You are dopey. (Int -2) [potion of mutation]
107413 | Zot:1    | Lost mutation: You have a pair of small antennae on your
                  | head. [potion of mutation]
107413 | Zot:1    | Gained mutation: You frequently scream uncontrollably at
                  | your foes. [potion of mutation]
107413 | Zot:1    | Lost mutation: You are frail. (-10% HP) [potion of
                  | mutation]
107841 | Zot:1    | Noticed Biehaig's ghost (legendary MiFi)
107845 | Zot:1    | Found a runed translucent gate.
107845 | Zot:1    | Found a runed translucent gate.
107845 | Zot:1    | Found a runed translucent gate.
108216 | Zot:1    | Reached skill level 13 in Summonings
109697 | Zot:2    | Learned a level 7 spell: Haunt
109966 | Zot:2    | Reached skill level 14 in Summonings
111185 | Zot:3    | Found a large runed translucent door.
111185 | Zot:3    | Found a large runed translucent door.
111187 | Zot:3    | Noticed Iwyxus's ghost (master BaIE)
111211 | Zot:3    | Noticed a Killer Klown
111223 | Zot:3    | Reached skill level 15 in Summonings
111223 | Zot:3    | Killed a Killer Klown
112994 | Zot:3    | Reached skill level 16 in Summonings
114337 | Zot:4    | Found the +0 mask of the Dragon {Will+ Slay+3 SInv}
114401 | Zot:4    | Found a transporter.
114419 | Zot:4    | Reached XP level 26. HP: 242/242 MP: 30/33
114871 | Zot:4    | Reached skill level 17 in Summonings
116533 | Zot:4    | Reached skill level 18 in Summonings
116784 | Zot:4    | Found a transporter.
116851 | Zot:5    | Entered Level 5 of the Realm of Zot
117333 | Zot:5    | Identified the +0 leather armour "Kaph" {Str+6}
118676 | Zot:5    | Noticed an orb of fire
118691 | Zot:5    | Gained mutation: Armour fits poorly on your strangely
                  | shaped body. [an orb of fire]
118699 | Zot:5    | Noticed an orb of fire
118701 | Zot:5    | Noticed an orb of fire
118703 | Zot:5    | Noticed an ancient lich
118705 | Zot:5    | Noticed an ancient lich
119112 | Zot:4    | Reached skill level 19 in Summonings
119357 | Zot:5    | Gained mutation: You are dopey. (Int -2) [an orb of fire]
119375 | Zot:4    | Killed an orb of fire
119628 | Zot:4    | Gained mutation: Your body sometimes deteriorates upon
                  | taking damage. [an orb of fire]
119635 | Zot:4    | Killed an orb of fire
119685 | Zot:5    | Gained mutation: Potions are less effective at restoring
                  | your health. [an orb of fire]
119691 | Zot:4    | Gained mutation: You are occasionally teleported next to
                  | monsters. [an orb of fire]
119699 | Zot:4    | Killed an orb of fire
119952 | Zot:5    | Noticed an ancient lich
119961 | Zot:5    | HP: 4/242 [Killer Klown/klown pie (28)]
119968 | Zot:5    | Slain by an Orb Guardian

Illustrated notes

Levels and vault maps discovered:
D:1:      noname_arrival_rooms_in_the_neighbourhood, layout_basic,
          ebering_ecumenical_altar_abandoned
D:2:      layout_basic, basic_altar
D:3:      minmay_evil_eye, layout_basic, serial_rivers,
          chequers_serial_rivers_micro_e, chequers_serial_rivers_large_b,
          chequers_serial_rivers_micro_c, chequers_serial_rivers_marsh,
          chequers_serial_rivers_micro_a
D:4:      layout_rooms, uniq_sigmund
D:5:      layout_rooms, lemuel_round_altar, gammafunk_ghost_gnarly_gnolls,
          minmay_misc_feat_columns, minmay_parallelograms,
          minmay_curled_crystal, minmay_misc_feat_iff, uniq_menkaure,
          uniq_duvessa
D:6:      layout_loops_ring, ebering_ghost_rock_garden, grunt_ministairs_8
D:7:      layout_gridville, minmay_temple_entry_poolview, uniq_prince_ribbit1
D:8:      layout_basic, david_lair_generic, serial_glass, glass_columns_a,
          glass_columns_a, roderic_batcave
D:9:      layout_gridville, uniq_harold, uniq_psyche, uniq_pikel
D:10:     layout_cross, nicolae_trove_entry_crystal
D:11:     layout_irregular_city, minmay_orc_entry_temple_small
D:12:     layout_rooms, minivault_15, grunt_decor_clamped,
          nemelex_spade_bored_becter
D:13:     layout_roguey, hangedman_vaults_entry_quadrant_bands, minivault_16,
          solitary_fountain, kennysheep_nub, minmay_checkered_concentric_circles
D:14:     layout_loops_cross
D:15:     grunt_enter_depths_hoard, layout_loops_cross, special_room
          [special_room_orc], nicolae_sif_muna_condensation
Temple:   grunt_wide_crystal_templ
Lair:1:   layout_misc_corridors
Lair:2:   layout_hall_layers
Lair:3:   layout_roguey, palyth_hydra_swamp_entry, spider_nest_entry_webs,
          gauntlet_entry_generic
Lair:4:   layout_loops_ring, gammafunk_ghost_berserking_beasts,
          infiniplex_staircase_pool_2
Lair:5:   layout_cave_shapes, slime_altar_1, basic_altar, serial_bayou_shore_b,
          serial_bayou_shore_a, uniq_urug
Lair:6:   minmay_lair_end_enchanted_forest, layout_regular_city, basic_altar,
          st_stairs_3, serial_bayou_shore_b
Swamp:1:  layout_basic_swamp, evilmike_swamp_ruin_house_2
Swamp:2:  nicolae_swamp_phyte_club, layout_basic_swamp,
          evilmike_swamp_ruin_house_5
Swamp:3:  layout_basic_swamp, evilmike_swamp_ruin_rubble_2,
          nicolae_swamp_necromancy_gone_wrong, uniq_kirke, uniq_louise,
          uniq_roxanne
Swamp:4:  swamp_alternative, layout_basic_swamp, swamp_pool1,
          hangedman_swamp_lotus, nicolae_swamp_wisp_ring_woods
Spider:1: layout_spider_delve, uniq_jorgrun
Spider:2: layout_spider_delve
Spider:3: layout_spider_delve
Spider:4: hellmonk_spider_rune_bug_friends, nicolae_spider_baby_got_redback,
          uniq_arachne
Slime:1:  layout_caves, nicolae_slime_phagocytosis
Slime:2:  layout_caves, cheibrodos_slime_lost_civilization_4
Slime:3:  layout_caves, uniq_dissolution
Slime:4:  layout_caves
Slime:5
Orc:1:    layout_diamond_mine, nicolae_orc_tapped_out
Orc:2:    grunt_orc_cross, layout_caves
Elf:1:    eino_elf_arrival_sip, layout_gridlike, gammafunk_ghost_cemetery,
          serial_shops, nicolae_take_the_stairs, orc_legates, billiards_dpeg
Elf:2:    nicolae_elf_blades_splatter_lattice
          [nicolae_blade_entry_splitting_headache], layout_loops_cross,
          mu_enter_wizlab_2, special_room [special_room_mythical_zoo],
          serial_shops, bzr_entry_water, nicolae_elf_crossing_hall
Vaults:1: dpeg_vaults_monster_box, v_misc_27, nicolae_vaults_hallways_thing,
          grunt_vaults_focal, vaults_room_boxed, hangedman_vaults_impose,
          v_pattern_2, v_misc_14, vaults_dpeg_ring, vaults_room_corners,
          v_misc_31, layout_vaults_big_room
Vaults:2: nicolae_vaults_big_angled_halls, nicolae_vaults_network_star,
          grunt_vaults_twisty, nicolae_vaults_ninety_degrees,
          nicolae_vaults_network_periphery, v_rooms_3,
          nicolae_vaults_border_crossing, v_alt_pattern_1,
          minmay_guarded_unrand_secular_launcher, layout_vaults_omnibox,
          serial_shops, shop, uniq_aizul, uniq_donald
Vaults:3: minmay_crypt_entry_simple_round, nicolae_vaults_yaktaur_gun_rack,
          ontoclasm_vaults_twist, hangedman_vaults_corner_blocks,
          ontoclasm_vaults_tryst, vaults_standard_mumra_enter_the_diamond,
          v_alt_pattern_5, v_misc_28, vaults_room_door_ring,
          nicolae_vaults_what_the_h, ontoclasm_vaults_ligature,
          layout_vaults_ring
Vaults:4: v_misc_26, v_misc_14, v_misc_5, hangedman_vaults_impose,
          vaults_standard_mumra_enter_the_diamond, vaults_room_stairs_pillars,
          layout_vaults_quadrants
Depths:1: layout_cave_shapes, grunt_hell_entry_dis_old,
          kennysheep_cross_bottleneck, kilobyte_rumbling_trees,
          minmay_shoptagon, firewood_loft, serial_bayou_shore_b
Depths:2: minmay_heptahexagon, layout_honeycomb, gammafunk_ghost_ooze,
          hellmouth_3, grunt_decor_cap, pan_entry, uniq_asterion
Depths:3: hangedman_pleasuredromes, serial_shops, hell_entry, abyss_entry
Depths:4: evilmike_zot_entry_hall, layout_gridlike, enter_ziggurat_a,
          grunt_hell_horde, serial_shops, bzr_entry_lakeside, pan_entry,
          serial_bayou_lagoon_a
Zot:1:    layout_cathedral_of_symmetry, gammafunk_ghost_split
Zot:2:    layout_twisted_circle
Zot:3:    lemuel_acid_trip, layout_cathedral_of_symmetry,
          ebering_ghost_disaster_area
Zot:4:    layout_gridville, chequers_guarded_unrand_mask_of_the_dragon
Zot:5:    layout_gridlike, st_stairs_2

Skill      XL: |  1  2  3  4  5  6  7  8  9 10 11 12 13 14 15 16 17 18 19 20 21 22 23 24 25 26 |
---------------+-------------------------------------------------------------------------------+-----
Spellcasting   | 2 3 4 5 6 7 10 | 10.7
Necromancy     | 5 6 7 12 13 18 | 18.5
Earth Magic    | 7 12 18 | 18.0
Fighting       | 3 9 10 11 14 15 | 15.4
Invocations    | 10 11 | 11.4
Evocations     | 7 8 |  8.0
Long Blades    | 3 8 12 15 | 15.7
Shields        | 7 14 | 14.9
Armour         | 5 13 15 17 | 17.1
Dodging        | 10 | 10.6
Transmutations | 3 13 16 | 16.5
Summonings     | 9 16 19 | 19.4
Stealth        | |  2.4

Action                   |  1- 3 |  4- 6 |  7- 9 | 10-12 | 13-15 | 16-18 | 19-21 | 22-24 | 25-27 || total
-------------------------+-------+-------+-------+-------+-------+-------+-------+-------+-------++-------
Melee: Unarmed           |    54 |    71 |       |       |       |       |       |       |       ||   125
       Punch             |       |     1 |     3 |     9 |     4 |       |       |       |       ||    17
       Dagger            |       |    52 |   215 |       |       |       |       |       |       ||   267
       Falchion          |       |       |       |   160 |       |       |       |       |       ||   160
       Whip              |       |       |       |   258 |    37 |       |       |       |       ||   295
       Eudemon blade     |       |       |       |       |   970 |  1318 |  1309 |  2101 |   914 ||  6612
       Kick              |       |       |       |       |       |       |       |       |   182 ||   182
 Cast: Pain              |    45 |     1 |       |       |       |       |       |       |       ||    46
       Vampiric Draining |    19 |    49 |   109 |   340 |   298 |   377 |   102 |   329 |   329 ||  1952
       Sandblast         |       |       |    18 |   118 |   230 |    33 |       |    10 |       ||   409
       Stone Arrow       |       |       |       |    23 |    26 |       |       |       |       ||    49
       Agony             |       |       |       |       |     1 |     1 |       |     1 |       ||     3
       Borgnjor's Vile C |       |       |       |       |       |   132 |    27 |   115 |     3 ||   277
       Lee's Rapid Decon |       |       |       |       |       |       |     3 |    15 |     6 ||    24
       Statue Form       |       |       |       |       |       |       |       |     2 |    28 ||    30
       Animate Armour    |       |       |       |       |       |       |       |     8 |     1 ||     9
       Haunt             |       |       |       |       |       |       |       |       |     6 ||     6
Invok: Minor Destruction |       |       |       |    15 |       |       |       |       |       ||    15
       Lesser Servant of |       |       |       |     2 |     1 |       |       |       |       ||     3
       Major Destruction |       |       |       |       |     5 |       |       |       |       ||     5
 Abil: Heal Wounds       |       |     1 |       |     5 |     8 |     5 |     2 |     1 |    13 ||    35
Evoke: Wand              |       |     3 |     4 |    24 |    11 |       |     1 |       |       ||    43
       Condenser vane    |       |       |       |       |     2 |       |     6 |     7 |     6 ||    21
       Phantom mirror    |       |       |       |       |     1 |       |       |     1 |       ||     2
       Phial of floods   |       |       |       |       |       |       |     1 |     1 |     1 ||     3
       Box of beasts     |       |       |       |       |       |       |       |     3 |       ||     3
  Use: Scroll            |       |     4 |     4 |    20 |    13 |     5 |     7 |    15 |    16 ||    84
       Potion            |       |       |       |     3 |       |     3 |     1 |       |     3 ||    10
 Stab: Sleeping          |       |     1 |       |       |     2 |       |       |       |       ||     3
       Paralysed         |       |       |       |    15 |    17 |       |       |       |       ||    32
       Confused          |       |       |       |       |     1 |     1 |    10 |       |     3 ||    15
       Distracted        |       |       |       |       |       |     1 |     1 |     3 |     2 ||     7
       Invisible         |       |       |       |       |       |    18 |    32 |    26 |    12 ||    88
Armor: Robe              |    20 |    35 |   119 |   569 |   284 |       |       |       |       ||  1027
       Plate armour      |       |       |       |       |   465 |  1411 |   344 |   864 |   262 ||  3346
       Skin              |       |       |       |       |       |       |       |     8 |   204 ||   212
Dodge: Dodged            |    65 |   113 |   203 |   815 |   955 |  1150 |   495 |   915 |   830 ||  5541
Block: Buckler           |       |       |       |       |   264 |   479 |       |       |       ||   743
       Kite shield       |       |       |       |       |       |   702 |   886 |  3027 |   961 ||  5576

Table legend: (Time is in decaauts)
 A = Elapsed time spent in this place.
 B = Non-inter-level travel time spent in this place.
 C = Inter-level travel time spent in this place.
 D = Time resting spent in this place.
 E = Time spent auto-exploring this place.
 F = Levels seen in this place.
 G = Mean time per level.
                   A        B        C        D        E       F      G
               +--------+--------+--------+--------+--------+-----+--------+
         Total | 122717 | 112506 |  10211 |  53075 |  40158 |  58 | 2115.8 |
       Dungeon |  29302 |  24853 |   4449 |   7925 |  12798 |  15 | 1953.5 |
        Temple |     77 |     53 |     24 |      0 |     35 |   1 |   77.0 |
          Lair |  13534 |  12245 |   1289 |   3200 |   6836 |   6 | 2255.7 |
         Swamp |   9049 |   8623 |    426 |   5346 |   2279 |   4 | 2262.2 |
   Spider Nest |  16004 |  15435 |    569 |  11842 |   1674 |   4 | 4001.0 |
    Slime Pits |   8011 |   7489 |    522 |   4960 |   1276 |   5 | 1602.2 |
  Orcish Mines |   4276 |   3942 |    334 |   2181 |   1164 |   2 | 2138.0 |
   Elven Halls |   3949 |   3724 |    225 |   1316 |   1470 |   2 | 1974.5 |
        Vaults |   8723 |   8167 |    556 |   2781 |   3805 |   4 | 2180.8 |
        Depths |  13421 |  11872 |   1549 |   6347 |   3331 |   4 | 3355.2 |
           Zot |  13529 |  13264 |    265 |   6593 |   4687 |   5 | 2705.8 |
         Abyss |    100 |    100 |      0 |      6 |      0 |   1 |  100.0 |
        Bazaar |    377 |    377 |      0 |      0 |    170 |   2 |  188.5 |
         Trove |    213 |    213 |      0 |      0 |      2 |   1 |  213.0 |
        Wizlab |   1280 |   1280 |      0 |    554 |    223 |   1 | 1280.0 |
      Gauntlet |    865 |    865 |      0 |     20 |    405 |   1 |  865.0 |
               +--------+--------+--------+--------+--------+-----+--------+

Top non-repeatable levels by time:
Spider:3: 8374 daAuts
Depths:2: 5616 daAuts
Spider:2: 5223 daAuts
Depths:1: 3838 daAuts
    D:13: 3749 daAuts
   Zot:4: 3635 daAuts
  Lair:1: 3582 daAuts
   Zot:3: 3537 daAuts
 Swamp:2: 3431 daAuts
 Swamp:3: 2803 daAuts
 Slime:4: 2792 daAuts
Vaults:2: 2778 daAuts
    D:15: 2606 daAuts
  Lair:5: 2569 daAuts
Vaults:3: 2526 daAuts
